 Dungeon Crawl Stone Soup version 0.29-a0-330-g52719c12eb (webtiles) character file.

Game seed: 1165375662036033172

166 dohliylev the Ruffian (level 5, -2/49 HPs)
             Began as a Troll Warper on May 27, 2022.
             Slain by an ogre
             ... wielding a +0 giant club
              (31 damage)
             ... on level 4 of the Dungeon.
             The game lasted 00:04:21 (2227 turns).

dohliylev the Ruffian (Troll Warper)                Turns: 2227, Time: 00:04:22

Health: -2/49      AC:  4    Str: 21    XL:     5   Next: 22%
Magic:  4/6        EV: 10    Int:  9    God:
Gold:   169        SH:  0    Dex:  9    Spells: 5/7 levels left

rFire   . . .      SeeInvis .     - Unarmed
rCold   . . .      Faith    .   (no shield)
rNeg    + . .      Spirit   .   a - +0 robe
rPois   .          Reflect  .   (helmet restricted)
rElec   .          Harm     .   (no cloak)
rCorr   .          Rampage  .   (gloves unavailable)
Will    .....                   (boots unavailable)
Stlth   +.........              (no amulet)
HPRegen 0.96/turn               e - ring of positive energy
MPRegen 0.10/turn               (no ring)

@: on blink cooldown
A: large, unfitting armour, claws 3, regeneration 1, shaggy fur 1, tough skin 1
a: no special abilities


You were on level 4 of the Dungeon.
You visited 1 branch of the dungeon, and saw 4 of its levels.

You collected 169 gold pieces.

Inventory:

Missiles
 c - 5 boomerangs of dispersal (quivered)
Armour
 a - a +0 robe (worn)
 q - a +0 buckler
Jewellery
 e - a ring of positive energy (left claw)
Scrolls
 b - a scroll of blinking
 h - 2 scrolls of immolation {unknown}
 i - a scroll of fog {unknown}
 m - 5 scrolls of identify {unknown}
 o - 3 scrolls of teleportation {unknown}
 s - a scroll of noise {unknown}
Potions
 d - 3 potions of attraction {unknown}
 f - a potion of magic {unknown}
 g - a potion of curing {unknown}
 j - a potion of cancellation {unknown}
 k - 2 potions of heal wounds {unknown}
 l - 2 potions of resistance {unknown}
 n - a potion of lignification {unknown}
 p - a potion of degeneration {unknown}
 r - a potion of might {unknown}
 t - a potion of mutation {unknown}


   Skills:
 + Level 1.7 Fighting
 + Level 0.8 Throwing
 + Level 2.6 Dodging
 + Level 3.7 Unarmed Combat
 + Level 1.8 Spellcasting
 + Level 2.7 Translocations


You had 5 spell levels left.
You knew the following spells:

 Your Spells              Type           Power      Damage    Failure   Level
a - Blink                 Tloc           10%        N/A       17%         2

Your spell library contained the following spells:

 Spells                   Type           Power      Damage    Failure   Level
 Apportation              Tloc           10%        N/A       11%         1
 Gell's Gravitas          Tloc           5%         N/A       32%         3
 Lesser Beckoning         Tloc           5%         N/A       32%         3
 Teleport Other           Tloc           5%         N/A       32%         3
 Animate Skeleton         Necr           0%         N/A       34%         1
 Magic Dart               Conj           0%         1d3       34%         1
 Summon Small Mammal      Summ           0%         N/A       34%         1
 Searing Ray              Conj           0%         2d4       45%         2
 Manifold Assault         Tloc           5%         N/A       97%         5
 Fulminant Prism          Conj/Hex       0%         3d6       98%         4


Dungeon Overview and Level Annotations

Branches:
Dungeon (4/15)
 Temple: D:4-7

Altars:


Innate Abilities, Weirdness & Mutations

You are too large for most types of armour.
You have claws for hands.
Your natural rate of healing is unusually fast.
You are covered in fur. (AC +1)
You have tough skin. (AC +1)


Message History

You scratch the adder zombie.
The adder zombie is lightly damaged.
The adder zombie bites you but does no damage.
You claw the adder zombie!
The adder zombie is heavily damaged.
The adder zombie closely misses you.
You scratch the adder zombie.
The adder zombie is severely damaged.
The adder zombie closely misses you.
You barely miss the adder zombie.
The adder zombie is severely damaged.
The adder zombie barely misses you.
You claw the adder zombie!
You destroy the adder zombie!
No target in view!
t - an emerald potion You now have 169 gold pieces (gained 2).
Done exploring.
Done exploring.
Done exploring.
Done exploring.
No target in view!
There is a stone staircase leading down here.
You climb downwards.
There is a stone staircase leading up here.
The ogre shouts!
The ogre closely misses you.
You claw the ogre!
The ogre is heavily wounded.
You scratch the ogre.
The ogre is severely wounded.
The ogre hits you with a +0 giant club!!
Ouch! That really hurt!
Casting: Blink (safe; 17% risk of failure)
Confirm with . or Enter, or press ? or * to list all spells.
You blink.
The ogre attacks as you move away!
The ogre hits you with a +0 giant club!!
Ouch! That really hurt!
You die...

#######
#.....#
###@#
#<#O#
#.#.#
#.#.#
#...#
#####


You could see an ogre.

Vanquished Creatures
  A hound skeleton (D:3)
  3 adders
  4 gnolls (D:3)
  2 adder zombies (D:3)
  A worm (D:2)
  3 dart slugs
  9 ball pythons
  6 endoplasms
  A giant cockroach (D:3)
  12 goblins
  4 hobgoblins
  3 kobolds
  3 quokkas
  7 bats
  6 frilled lizards
  A quokka skeleton (D:3)
  4 rats
70 creatures vanquished.

Vanquished Creatures (others)
  A withered plant (D:3)
1 creature vanquished.

Grand Total: 71 creatures vanquished

Notes
Turn   | Place    | Note
-------+----------+-------------------------------------------
     0 | D:1      | dohliylev the Troll Warper began the quest for the Orb.
     0 | D:1      | Reached XP level 1. HP: 19/19 MP: 1/1
   227 | D:1      | Reached XP level 2. HP: 26/27 MP: 3/3
   230 | D:1      | Learned a level 2 spell: Blink
   476 | D:1      | Found a faded altar of an unknown god.
   492 | D:1      | Reached XP level 3. HP: 33/33 MP: 2/4
  1582 | D:2      | Reached XP level 4. HP: 38/42 MP: 5/5
  1634 | D:3      | Reached skill level 3 in Unarmed Combat
  1903 | D:3      | Reached XP level 5. HP: 49/49 MP: 6/6
  2218 | D:4      | Noticed an ogre
  2227 | D:4      | Slain by an ogre

Illustrated notes

Levels and vault maps discovered:
D:1:      evilmike_arrival_home_sweet_home, layout_basic,
          chequers_ecumenical_altar_simple_redux, minmay_tetromino_o4
D:2:      layout_loops_ring, uniq_jessica
D:3:      layout_basic, serial_undead, serial_undead_e, serial_undead_b,
          serial_undead_e, serial_undead_d, hangedman_abyss_or_decor_lesser_grid
D:4:      layout_basic, minmay_door_square

Skill      XL: |  1  2  3  4 |
---------------+-------------+-----
Dodging        | 2 |  2.6
Unarmed Combat | 3 |  3.7
Fighting       | |  1.7
Throwing       | |  0.8
Spellcasting   | |  1.8
Translocations | |  2.7

Action                   |  1- 3 |  4- 6 || total
-------------------------+-------+-------++-------
Melee: Unarmed           |   116 |    74 ||   190
       Punch             |     2 |     1 ||     3
Throw: Boomerang         |       |     2 ||     2
 Cast: Blink             |     7 |     4 ||    11
 Stab: Sleeping          |     2 |       ||     2
Armor: Robe              |    43 |    11 ||    54
Dodge: Dodged            |    64 |    43 ||   107

Table legend: (Time is in decaauts)
 A = Elapsed time spent in this place.
 B = Non-inter-level travel time spent in this place.
 C = Inter-level travel time spent in this place.
 D = Time resting spent in this place.
 E = Time spent auto-exploring this place.
 F = Levels seen in this place.
 G = Mean time per level.
                   A        B        C        D        E       F      G
               +--------+--------+--------+--------+--------+-----+--------+
         Total |   2216 |   2167 |     49 |     20 |   1686 |   4 |  554.0 |
       Dungeon |   2216 |   2167 |     49 |     20 |   1686 |   4 |  554.0 |
               +--------+--------+--------+--------+--------+-----+--------+

Top non-repeatable levels by time:
     D:1: 1016 daAuts
     D:3: 598 daAuts
     D:2: 592 daAuts
     D:4: 8 daAuts
